 Dungeon Crawl Stone Soup version 0.16-a0-3246-g12054e0 (webtiles) character file.

21108 Mokocchi the Swashbuckler (level 13, -2/80 (84) HPs)
             Began as a Kobold Berserker on Dec 22, 2014.
             Was a High Priest of Trog.
             Slain by a six-headed hydra (10 damage)
             ... on level 2 of the Lair of Beasts.
             The game lasted 01:17:50 (12013 turns).

Mokocchi the Swashbuckler (Kobold Berserker)       Turns: 12013, Time: 01:17:53

HP:   -2/80 (84)    AC:  9    Str: 16      XL:     13   Next: 17%
MP:   24/24         EV: 23    Int:  5      God:    Trog [*****.]
Gold: 784           SH:  0    Dex: 21 (22) Spells: 0 memorised, 12 levels left

rFire  . . .     SeeInvis .     d - +2 dagger (flame)
rCold  . . .     Clarity  .     i - +3 leather armour
rNeg   + . .     SustAb   .     (no shield)
rPois  .         Gourm    .     K - +0 helmet
rElec  .         Spirit   .     (no cloak)
rCorr  .         Warding  .     j - +1 pair of gloves
rMut   .         Stasis   .     a - +0 pair of boots
MR     ++...                    v - amulet of regeneration
Stlth  ++++++....               x - ring of positive energy
                                g - +2 ring of dexterity

@: regenerating, very resistant to hostile enchantments, very stealthy
A: hooves 1, molten scales 1, carnivore 3, deformed body, deterioration 1
a: Burn Spellbooks, Berserk, Trog's Hand, Brothers in Arms, Renounce Religion


You were on level 2 of the Lair of Beasts.
You worshipped Trog.
Trog was extremely pleased with you.
You were very full.

You visited 3 branches of the dungeon, and saw 13 of its levels.

You collected 784 gold pieces.

Inventory:

Hand weapons
 b - a +8 quick blade
 d - a +2 dagger of flaming (weapon)
 r - a +0 rapier of electrocution
 s - a +0 blowgun
 C - the +7 mace of Compound Interest {antimagic, rN+}
   (You found it on level 8 of the Dungeon)

   It disrupts the flow of magical energy around spellcasters and certain
   magical creatures (including the wielder).
   It protects you from negative energy.
 G - the +7 flail "Isestacw" {flame, rC+}
   (You found it on level 8 of the Dungeon)

   It emits flame when wielded, causing extra injury to most foes and up to half
   as much damage over again against particularly susceptible opponents.
   It protects you from cold.
 L - a +5 dagger of venom
 R - a +1 rapier of draining
Missiles
 B - 28 poisoned needles
Armour
 a - a +0 pair of boots (worn)
 i - a +3 leather armour (worn)
 j - a +1 pair of gloves (worn)
 A - a +1 leather armour of fire resistance
 K - a +0 helmet (worn)
 O - a troll hide
Jewellery
 c - a +3 ring of intelligence
 g - a +2 ring of dexterity (left hand)
 o - a cursed ring of see invisible
 v - an amulet of regeneration (around neck)
 x - a ring of positive energy (right hand)
 F - an uncursed ring of teleportation
Magical devices
 l - a wand of confusion (22)
 n - a wand of confusion (17)
 q - a wand of paralysis (11)
 y - a wand of random effects (5)
 H - a wand of digging (4)
 M - a wand of flame (20)
 N - a wand of enslavement (9)
 S - a wand of random effects (26)
Scrolls
 f - 7 scrolls of teleportation
 w - 2 scrolls of recharging
 D - 2 scrolls of fear
 E - 4 scrolls of remove curse
 P - a scroll of fog
 U - a scroll of identify
Potions
 e - 2 potions of brilliance
 h - 2 potions of heal wounds
 k - 4 potions of curing
 t - 2 potions of might
 z - a potion of lignification
 Q - a potion of magic
 T - a potion of resistance
Books
 m - a book of Necromancy

   Spells                             Type                      Level
   a - Pain                           Necromancy                   1
   b - Animate Skeleton               Necromancy                   1
   c - Vampiric Draining              Necromancy                   3
   d - Regeneration                   Charms/Necromancy            3
   e - Animate Dead                   Necromancy                   4
   f - Control Undead                 Necromancy                   4
   Trog disapproves of the use of such an item.
 J - a book of Burglary

   Spells                             Type                      Level
   a - Swiftness                      Charms/Air                   2
   b - Passwall                       Transmutation/Earth          3
   c - Passage of Golubria            Translocation                4
   d - Lee's Rapid Deconstruction     Earth                        5
   e - Invisibility                   Hexes                        6
   f - Darkness                       Hexes                        7
   Trog disapproves of the use of such an item.
Comestibles
 p - a slice of pizza
 u - 2 beef jerkies
 I - 2 meat rations


   Skills:
 + Level 11.5 Fighting
 - Level 15.7 Short Blades
 - Level 1.5 Armour
 - Level 9.4 Dodging
 - Level 11.9 Stealth
 - Level 8.0 Evocations


You had 12 spell levels left.
You didn't know any spells.

Dungeon Overview and Level Annotations

Branches:
Dungeon (10/15)            Temple (1/1) D:7            Lair (2/8) D:10
    Orc (0/4) D:9

Altars:
Ashenzari
Cheibriados
Dithmenos
Elyvilon
Fedhas
Gozag
Kikubaaqudgha
Makhleb
Nemelex Xobeh
Okawaru
Qazlal
Ru
Sif Muna
Trog
Vehumet
Xom
Yredelemnul
Zin
The Shining One

Shops:
D:6 }   D:7 ?

Annotations:
Lair:1 exclusion: oklob plant


Innate Abilities, Weirdness & Mutations

You are small and have problems with some larger weapons.
You are carnivorous and can eat meat at any time.
You have large cloven feet.
You are partially covered in molten scales (AC +1).
Armour fits poorly on your strangely shaped body.
Your body is slowly deteriorating.


Message History

You hit the six-headed hydra.
The six-headed hydra is moderately wounded.
The six-headed hydra bites you but does no damage.
The six-headed hydra closely misses you.
The six-headed hydra barely misses you. The six-headed hydra bites you!
The six-headed hydra bites you!
* * * LOW HITPOINT WARNING * * *
The six-headed hydra bites you but does no damage.
Wield which item (- for none, * to show all)? (? for menu, Esc to quit)
Your +5 dagger of venom stops dripping with poison.
It bursts into flame!
d - a +2 dagger of flaming (weapon)
Use which ability? (? or * to list)
Your skin crawls.
You feel resistant to hostile enchantments.
You feel slightly less full. The six-headed hydra misses you.
The six-headed hydra bites you!
* * * LOW HITPOINT WARNING * * *
The six-headed hydra barely misses you. The six-headed hydra bites you!
You die...

........... ............#
#............. ..#
#.............. ....
#............... ....#
...#..%.....>.... ...#
##.##..........#####..#
######................# #
##..##...≈D@.....# #
#P#..≈≈≈≈≈≈≈..### ###
###.≈≈≈≈≈≈≈≈≈.### #.##
##≈≈≈≈≈≈≈≈≈≈...### ###..#
#≈≈≈≈≈≈≈≈≈≈≈≈....#
.....###P.≈≈≈.<≈≈≈≈≈....###
......###.≈≈≈≈..≈≈≈......P#
......###.≈≈≈≈≈≈≈≈≈≈......#
.......##..≈≈≈≈≈≈≈...#PP..###


You could see a six-headed hydra.

Vanquished Creatures
  A centaur warrior (D:10)
  Nergalle (Lair:1)
  2 hill giants
  2 spiny frogs (Lair:1)
  A komodo dragon (Lair:1)
  A troll (D:10)
  Grinder (D:4)
  2 steam dragons (D:6)
  18 yaks
  A hungry ghost (D:10)
  2 hippogriffs (Lair:1)
  Edmund (D:7)
  Menkaure (D:5)
  2 wolves (Lair:2)
  A yellow wasp (D:10)
  A porcupine (Lair:2)
  5 orc warriors
  A water moccasin (D:7)
  6 ogres
  An eye of draining (D:9)
  3 necrophages
  A black bear (D:5)
  A phantom (D:10)
  4 centaurs
  A sky beast (D:5)
  An ice beast (D:6)
  2 crocodiles
  Sigmund (D:4)
  3 big kobolds
  10 giant frogs
  A water moccasin zombie (D:7)
  3 scorpions
  An electric eel (D:6)
  16 killer bees
  5 wights (D:7)
  2 crimson imps
  A goliath beetle (D:7)
  2 giant frog zombies
  3 giant frog skeletons
  6 jellies
  5 hounds
  6 orc priests
  9 orc wizards
  3 iguanas
  6 worker ants
  A worker ant zombie (D:9)
  21 adders
  11 gnolls
  12 river rats
  A giant mite (D:2)
  A shadow imp (D:10)
  2 worms
  3 adder skeletons
  An ooze (D:3)
  47 orcs
  12 bats
  A bat skeleton (D:8)
  18 goblins
  17 hobgoblins
  9 jackals
  7 quokkas
  2 ball pythons
  A ball python zombie (D:5)
  7 giant cockroaches
  6 giant geckos
  3 giant newts
  30 kobolds
  4 quokka skeletons
  A quokka zombie (D:9)
  9 rats
374 creatures vanquished.

Notes
Turn   | Place    | Note
--------------------------------------------------------------
     0 | D:1      | Mokocchi, the Kobold Berserker, began the quest for the Orb.
     0 | D:1      | Reached XP level 1. HP: 14/14 MP: 1/1
   418 | D:1      | Reached XP level 2. HP: 14/20 MP: 2/2
   699 | D:1      | Reached XP level 3. HP: 21/24 MP: 3/3
  1256 | D:1      | Acquired Trog's second power
  1356 | D:2      | Reached XP level 4. HP: 27/30 MP: 4/4
  1387 | D:2      | Reached skill level 5 in Short Blades
  1629 | D:2      | Found an opulent altar of Gozag.
  1733 | D:2      | Found a stormy altar of Qazlal.
  1852 | D:2      | Reached XP level 5. HP: 30/34 MP: 5/5
  1908 | D:2      | Found a basalt altar of Yredelemnul.
  1918 | D:2      | Reached skill level 6 in Short Blades
  1922 | D:2      | Found a white marble altar of Elyvilon.
  2335 | D:3      | Reached skill level 7 in Short Blades
  2730 | D:3      | Reached XP level 6. HP: 39/39 MP: 6/6
  3279 | D:3      | Reached skill level 8 in Short Blades
  3598 | D:4      | Acquired Trog's third power
  3723 | D:4      | Reached XP level 7. HP: 37/44 MP: 7/7
  3779 | D:4      | Found a deep blue altar of Sif Muna.
  3886 | D:4      | Noticed Sigmund
  3903 | D:4      | Killed Sigmund
  4063 | D:4      | Reached skill level 5 in Dodging
  4285 | D:4      | Noticed Grinder
  4297 | D:4      | Killed Grinder
  4297 | D:4      | Reached XP level 8. HP: 48/48 MP: 8/8
  4345 | D:5      | Entered Level 5 of the Dungeon
  4725 | D:5      | Noticed Menkaure
  4789 | D:5      | Killed Menkaure
  4789 | D:5      | Reached skill level 9 in Dodging
  5146 | D:5      | Reached skill level 5 in Fighting
  5531 | D:5      | Reached XP level 9. HP: 45/55 MP: 9/9
  5932 | D:6      | Found Weiv's Gadget Shop.
  6883 | D:7      | Noticed Edmund
  6896 | D:7      | Killed Edmund
  6975 | D:7      | Received a gift from Trog
  7033 | D:7      | Found a staircase to the Ecumenical Temple.
  7184 | D:7      | Reached skill level 10 in Fighting
  7216 | D:7      | Reached XP level 10. HP: 68/68 MP: 10/10
  7377 | D:7      | Found Wopusahaxi's Magic Scroll Shop.
  7388 | D:7      | Found an ancient bone altar of Kikubaaqudgha.
  7450 | D:7      | Reached skill level 10 in Short Blades
  7466 | D:7      | Gained mutation: Armour fits poorly on your strangely shaped body. [potion of mutation]
  7466 | D:7      | Gained mutation: You have large cloven feet. [potion of mutation]
  7466 | D:7      | Gained mutation: Your body is slowly deteriorating. [potion of mutation]
  7468 | D:7      | Gained mutation: You are partially covered in molten scales (AC +1). [potion of beneficial mutation]
  7994 | Temple   | Entered the Ecumenical Temple
  8127 | D:8      | Reached skill level 11 in Short Blades
  8397 | D:8      | Got a twisted mace
  8398 | D:8      | Identified the +7 mace of Compound Interest {antimagic, rN+} (You found it on level 8 of the Dungeon)
  8611 | D:8      | Reached skill level 12 in Short Blades
  8624 | D:8      | Got a translucent flail
  8625 | D:8      | Identified the +7 flail "Isestacw" {flame, rC+} (You found it on level 8 of the Dungeon)
  9060 | D:9      | Reached skill level 13 in Short Blades
  9227 | D:9      | Found a staircase to the Orcish Mines.
  9284 | D:9      | Received a gift from Trog
  9358 | D:9      | Found a glowing golden altar of the Shining One.
  9445 | D:9      | Reached XP level 11. HP: 64/68 MP: 11/11
  9607 | D:10     | Entered Level 10 of the Dungeon
  9666 | D:10     | Reached skill level 14 in Short Blades
  9672 | D:10     | Noticed a hill giant
  9726 | D:9      | Killed a hill giant
  9839 | D:10     | Reached skill level 15 in Short Blades
  9970 | D:10     | Found a staircase to the Lair.
 10200 | D:10     | Reached skill level 1 in Evocations
 10207 | D:10     | Noticed a centaur warrior
 10220 | D:10     | Killed a centaur warrior
 10239 | D:10     | Reached skill level 5 in Evocations
 10256 | D:10     | Noticed a hill giant
 10521 | D:10     | Killed a hill giant
 10783 | D:10     | Reached XP level 12. HP: 73/73 MP: 22/22
 10836 | Lair:1   | Entered Level 1 of the Lair of Beasts
 10864 | Lair:1   | Received a gift from Trog
 11158 | Lair:1   | Noticed Nergalle
 11174 | Lair:1   | Killed Nergalle
 11174 | Lair:1   | Reached XP level 13. HP: 77/79 MP: 24/24
 12013 | Lair:2   | Slain by a six-headed hydra

Action                   |  1- 3 |  4- 6 |  7- 9 | 10-12 | 13-15 || total
-------------------------+-------+-------+-------+-------+-------++-------
Melee: Short sword       |   126 |    39 |     3 |       |       ||   168
       Rapier            |       |   218 |   522 |   293 |     8 ||  1041
       Dagger            |       |       |       |   388 |   112 ||   500
       Mace              |       |       |       |     4 |       ||     4
       Quick blade       |       |       |       |    58 |       ||    58
 Fire: Blowgun           |       |       |       |     6 |       ||     6
Invok: Berserk           |     1 |     2 |     5 |     6 |       ||    14
       Trog's Hand       |       |     2 |     3 |     7 |     1 ||    13
Evoke: Wand              |       |       |     3 |     1 |       ||     4
  Use: Scroll            |       |     5 |     6 |     9 |     3 ||    23
       Potion            |       |       |     5 |    11 |       ||    16
 Stab: Sleeping          |       |     3 |     1 |     9 |     6 ||    19
       Confused          |       |       |     3 |       |       ||     3
       Distracted        |       |       |     1 |       |       ||     1
  Eat: Chunk             |     6 |    13 |    19 |    20 |     4 ||    62
       Royal jelly       |       |       |       |     1 |       ||     1
